 Dungeon Crawl Stone Soup version 0.23.2-1-ga50397a (webtiles) character file.

Game seed: 4562679471902294126

13652 night the Covert (level 12, -1/73 HPs)
             Began as a Gargoyle Monk on Apr 17, 2019.
             Was an Elder of Dithmenos.
             Slain by a cyan ugly thing (4 damage)
             ... while paralysed
             ... on level 13 of the Dungeon.
             The game lasted 00:46:39 (12794 turns).

night the Covert (Gargoyle Monk)                   Turns: 12794, Time: 00:46:39

Health: -1/73      AC: 18    Str: 19    XL:     12   Next: 8%
Magic:  18/18      EV:  2    Int: 15    God:    Dithmenos [****..]
Gold:   778        SH:  0    Dex: 12    Spells: 11/11 levels left

rFire    . . .     SeeInvis .   b - +4 scimitar
rCold    . . .     Gourm    .   K - +0 buckler (curse)
rNeg     + . .     Faith    .   F - +1 robe of the End {-Cast rElec rCorr Str+3} (curse)
rPois    ∞         Spirit   .   (helmet restricted)
rElec    +         Reflect  .   m - +1 cloak {+Inv}
rCorr    +         Harm     .   n - +0 pair of gloves
MR       .....     Rnd*Rage +   Z - +2 pair of boots Stlth +++++++...Rnd*Tele +
                                (no amulet)
HPRegen  0.22/turn NoCast   +   I - +3 ring of evasion
MPRegen  0.16/turn              R - ring of Buaptuyp {rElec rPois AC+1}

@: paralysed, berserk cooldown, slowed, wreathed by umbra
A: antennae 1, berserk 1, negative energy resistance 1, electricity resistance,
teleportitis 1, unbreathing, petrification resistance, rot immunity, AC +8
a: Shadow Step, Renounce Religion, Evoke Invisibility


You were on level 13 of the Dungeon.
You worshipped Dithmenos.
Dithmenos was greatly pleased with you.
You were not hungry.

You visited 2 branches of the dungeon, and saw 14 of its levels.
You also visited: Sewer.

You collected 778 gold pieces.

Inventory:

Hand Weapons
 a - a +2 dagger of venom
 b - a +4 scimitar (weapon)
 j - a +2 vampiric spear
 y - a +0 shortbow of flaming
 A - a +3 dagger
 L - a +0 hunting sling of freezing
Missiles
 f - 341 stones (quivered)
 q - 153 bolts
 r - 282 arrows
 S - 73 sling bullets
Armour
 k - a +0 troll leather armour
 m - a +1 cloak of invisibility (worn)
 n - a +0 pair of gloves (worn)
 s - a +0 helmet
 u - a +2 robe of positive energy
 F - the cursed +1 robe of the End (worn) {-Cast rElec rCorr Str+3}
   (You found it on level 13 of the Dungeon)

   It affects your strength (+3).
   It insulates you from electricity.
   It prevents spellcasting.
   It provides partial protection from all sources of acid and corrosion.
   It has a curse placed upon it.
 K - a cursed +0 buckler (worn)
 U - a +0 ring mail of magic resistance
 V - a cursed +0 ring mail
 X - a +0 shield
 Z - a +2 pair of boots (worn)
Jewellery
 i - an uncursed amulet of rage
 z - an uncursed ring of flight
 I - a +3 ring of evasion (left hand)
 R - the ring of Buaptuyp (right hand) {rElec rPois AC+1}
   (You found it on level 9 of the Dungeon)

   [ring of protection]

   It affects your AC (+1).
   It insulates you from electricity.
   It protects you from poison.
Wands
 E - a wand of enslavement (8)
 H - a wand of polymorph (7)
 M - a wand of acid (11)
 T - a wand of digging (5)
Scrolls
 o - 8 scrolls of remove curse
 p - a scroll of blinking
 v - 7 scrolls of teleportation
 x - 2 scrolls of enchant weapon
 B - a scroll of magic mapping
 C - a scroll of fog
 D - 4 scrolls of identify
 J - a scroll of fear
 N - a scroll of acquirement {unknown}
 P - a scroll of immolation
Potions
 d - a potion of cancellation
 e - 2 potions of might
 g - 2 potions of agility
 h - 4 potions of brilliance
 l - 4 potions of berserk rage
 t - 3 potions of lignification
 w - 6 potions of flight
 G - 6 potions of curing
 Q - 2 potions of haste
 W - a potion of invisibility
Miscellaneous
 Y - a sack of spiders
Comestibles
 c - 18 rations


   Skills:
 + Level 7.8 Fighting
 + Level 9.5(9.8) Short Blades
 + Level 3.1(6.8) Long Blades
 + Level 3.9 Dodging
 + Level 11.8 Stealth
 - Level 5.5 Shields
 - Level 8.0 Evocations


You had 11 spell levels left.
You didn't know any spells.
Your spell library was empty.

Dungeon Overview and Level Annotations

Branches:
Dungeon (13/15)            Temple (1/1) D:7            Lair (0/6) D:9
    Orc: D:9-12      Vaults: D:13-14

Altars:
Ashenzari
Cheibriados
Dithmenos
Elyvilon
Fedhas
Gozag
Hepliaklqana
Kikubaaqudgha
Makhleb
Nemelex Xobeh
Okawaru
Qazlal
Ru
Sif Muna
Trog
Uskayaw
Vehumet
Wu Jian
Xom
Yredelemnul
Zin
The Shining One

Annotations:
D:2 Sigmund
D:4 1 runed translucent door, Aske's ghost, novice GrGl


Innate Abilities, Weirdness & Mutations

You are resistant to torment.
Your stone body is resilient. (AC +8)
You are immune to poison.
You resist negative energy. (rN+)
You are resistant to electric shocks. (rElec)
You can survive without breathing.
You are immune to petrification.
You are immune to rotting.
You have a pair of small antennae on your head.
You tend to lose your temper in combat.
You are occasionally teleported next to monsters.


Message History

The cyan ugly thing completely misses you.
You slice the basilisk!!
The basilisk is almost dead.
The basilisk barely misses you.
You slice the basilisk!!
You kill the basilisk!
Dithmenos accepts your kill. The cyan ugly thing headbutts you.
The cyan ugly thing shocks you. You resist.
You are no longer berserk.
You pass out from exhaustion.
You feel yourself slow down. The cyan ugly thing headbutts you.
The cyan ugly thing shocks you. You resist. The cyan ugly thing headbutts you!
* * * LOW HITPOINT WARNING * * *
The cyan ugly thing shocks you. You resist.
* * * LOW HITPOINT WARNING * * *
The cyan ugly thing headbutts you!
* * * LOW HITPOINT WARNING * * *
The cyan ugly thing shocks you. You resist.
You die...

............##.......
###.................†...
...............÷......##
......................#
......................#
..?...................#
......................#
..........(...........#
.......@..............#
........u).$##........#
............##........#
.......=....##........#
............##........#
......................#
###...##.........######
#... #.......... ......


You could see a cyan ugly thing.

Vanquished Creatures
  A centaur warrior (D:13)
  3 two-headed ogres (D:9)
  2 ugly things
  A manticore (D:12)
  A centaur zombie (D:12)
  Psyche (D:11)
  2 trolls
  A polar bear (D:12)
  Grinder (D:5)
  A slime creature (D:12)
  A hornet (D:9)
  A hippogriff (D:10)
  A spriggan (D:8)
  2 wraiths
  9 yaks
  2 hungry ghosts
  A steam dragon (D:5)
  A basilisk (D:13)
  2 phantoms
  2 sky beasts (D:10)
  An orc warrior (D:10)
  A black bear (D:12)
  2 ice beasts (D:12)
  4 ogres
  11 centaurs
  2 big kobolds
  4 bullfrogs
  A gnoll sergeant (D:9)
  A scorpion (D:9)
  9 killer bees (D:9)
  6 wights
  5 howler monkeys
  2 quasits
  6 hounds
  3 crimson imps
  5 jellies
  2 bullfrog skeletons
  A centaur skeleton (D:10)
  7 orc priests
  Terence (D:2)
  Jessica (D:2)
  10 orc wizards
  5 iguanas
  12 worker ants
  A hound zombie (D:4)
  3 hound skeletons
  Robin (D:2)
  2 howler monkey zombies
  A worker ant zombie (D:5)
  4 gnolls (D:7)
  A howler monkey skeleton (D:8)
  21 adders
  2 shadow imps
  3 oozes
  An adder zombie (D:8)
  An adder skeleton (D:9)
  3 worms
  6 leopard geckos
  34 orcs
  6 ball pythons
  6 giant cockroaches
  11 goblins
  3 hobgoblins
  20 jackals
  2 quokkas
  12 bats
  5 frilled lizards
  A jackal zombie (D:8)
  30 kobolds
  A leopard gecko skeleton (D:6)
  A quokka skeleton (D:7)
  8 rats
  2 plants (D:4)
330 creatures vanquished.

Vanquished Creatures (collateral kills)
  A troll (D:10)
  An ogre (D:7)
2 creatures vanquished.

Vanquished Creatures (others)
  A bullfrog (D:7)
1 creature vanquished.

Grand Total: 333 creatures vanquished

Notes
Turn   | Place    | Note
-------+----------+-------------------------------------------
     0 | D:1      | night the Gargoyle Monk began the quest for the Orb.
     0 | D:1      | Reached XP level 1. HP: 14/14 MP: 1/1
   120 | D:1      | Reached XP level 2. HP: 7/19 MP: 2/2
   585 | D:1      | Reached skill level 3 in Stealth
  1168 | D:2      | Noticed Robin
  1189 | D:2      | Reached XP level 3. HP: 22/23 MP: 3/3
  1207 | D:2      | Noticed Terence
  1242 | D:2      | Killed Terence
  1242 | D:2      | Reached skill level 1 in Evocations
  1285 | D:2      | Reached XP level 4. HP: 16/28 MP: 4/4
  1502 | D:2      | Killed Robin
  1676 | D:2      | Noticed Jessica
  1691 | D:2      | Killed Jessica
  1740 | D:2      | Noticed Sigmund
  1896 | D:2      | Reached skill level 4 in Stealth
  1896 | D:2      | Reached XP level 5. HP: 28/32 MP: 6/6
  2138 | D:3      | Found a glowing drain.
  2213 | Sewer    | Entered a sewer
  2892 | D:3      | Reached XP level 6. HP: 37/37 MP: 7/7
  3327 | D:4      | Reached skill level 5 in Stealth
  3649 | D:4      | Reached XP level 7. HP: 17/41 MP: 9/9
  3901 | D:4      | Found a basalt altar of Yredelemnul.
  4208 | D:4      | Found a runed translucent door.
  4209 | D:4      | Noticed Aske's ghost (novice GrGl)
  4288 | D:4      | Reached skill level 5 in Short Blades
  4554 | D:5      | Entered Level 5 of the Dungeon
  4571 | D:5      | Noticed Grinder
  4588 | D:5      | Reached skill level 6 in Stealth
  4606 | D:5      | Noticed a steam dragon
  4633 | D:5      | Paralysed by Grinder for 7 turns
  4636 | D:5      | Killed a steam dragon
  4641 | D:5      | HP: 1/41 [Grinder (8)]
  4646 | D:5      | Killed Grinder
  4646 | D:5      | Reached XP level 8. HP: 2/46 MP: 9/11
  5005 | D:5      | Reached skill level 7 in Stealth
  5344 | D:5      | Reached skill level 5 in Evocations
  5597 | D:5      | Found a bloodstained altar of Trog.
  5599 | D:5      | Found an opulent altar of Gozag.
  5955 | D:6      | Reached skill level 8 in Stealth
  6033 | D:6      | Reached XP level 9. HP: 51/51 MP: 13/13
  6055 | D:6      | Found a snail-covered altar of Cheibriados.
  6730 | D:7      | Found an ornate altar of the Wu Jian Council.
  7709 | D:7      | Found a shattered altar of Ashenzari.
  7736 | D:7      | Found a staircase to the Ecumenical Temple.
  7745 | Temple   | Entered the Ecumenical Temple
  7903 | Temple   | Became a worshipper of Dithmenos the Shadowed
  7903 | Temple   | Reached * piety under Dithmenos
  7903 | Temple   | Reached ** piety under Dithmenos
  8128 | D:8      | Reached skill level 9 in Stealth
  8994 | D:8      | Found a blossoming altar of Fedhas.
  9054 | D:9      | Reached skill level 1 in Shields
  9155 | D:9      | Noticed a two-headed ogre
  9170 | D:9      | Killed a two-headed ogre
  9170 | D:9      | Reached XP level 10. HP: 58/58 MP: 13/15
  9195 | D:9      | Got a shimmering iron ring
  9196 | D:9      | Identified the ring of Buaptuyp {rElec rPois AC+1} (You
                  | found it on level 9 of the Dungeon)
  9609 | D:9      | Reached skill level 10 in Stealth
  9660 | D:9      | Found a staircase to the Lair.
 10080 | D:9      | Noticed a two-headed ogre
 10095 | D:9      | Killed a two-headed ogre
 10095 | D:9      | Reached skill level 5 in Fighting
 10172 | D:9      | Found a sacrificial altar of Ru.
 10190 | D:9      | Found a sparkling altar of Nemelex Xobeh.
 10256 | D:10     | Entered Level 10 of the Dungeon
 10256 | D:10     | Noticed a two-headed ogre
 10291 | D:9      | Killed a two-headed ogre
 10715 | D:10     | Reached XP level 11. HP: 64/64 MP: 13/16
 10759 | D:10     | Reached *** piety under Dithmenos
 10776 | D:10     | Gained mutation: You tend to lose your temper in combat.
                  | [mutagenic glow]
 10779 | D:10     | Reached skill level 5 in Shields
 11291 | D:10     | Gained mutation: You are occasionally teleported next to
                  | monsters. [potion of mutation]
 11291 | D:10     | Gained mutation: You have a pair of small antennae on your
                  | head. [potion of mutation]
 11490 | D:11     | Reached skill level 11 in Stealth
 11506 | D:11     | Noticed Psyche
 11527 | D:11     | Killed Psyche
 12013 | D:11     | You fall through a shaft!
 12017 | D:12     | Noticed a manticore
 12019 | D:12     | Killed a manticore
 12051 | D:12     | Noticed a cyan ugly thing
 12056 | D:12     | Killed a cyan ugly thing
 12056 | D:12     | Reached skill level 1 in Long Blades
 12371 | D:12     | Reached **** piety under Dithmenos
 12479 | D:12     | Noticed a two-headed ogre
 12569 | D:13     | Noticed a purple ugly thing
 12607 | D:13     | Killed a purple ugly thing
 12632 | D:13     | Got a faintly humming robe
 12643 | D:13     | Identified the cursed +1 robe of the End {-Cast rElec rCorr
                  | Str+3} (You found it on level 13 of the Dungeon)
 12714 | D:13     | Reached XP level 12. HP: 53/73 MP: 18/18
 12773 | D:13     | Noticed a centaur warrior
 12783 | D:13     | Killed a centaur warrior
 12794 | D:13     | HP: 3/73 [cyan ugly thing (11)]
 12794 | D:13     | Slain by a cyan ugly thing

Skill      XL: |  1  2  3  4  5  6  7  8  9 10 11 12 |
---------------+-------------------------------------+-----
Short Blades   | 3 4 5 6 7 8 9 |  9.5
Stealth        | 3 4 5 6 8 9 10 11 | 11.8
Evocations     | 1 2 3 4 5 7 8 |  8.0
Shields        | 2 4 5 |  5.5
Fighting       | 4 6 7 |  7.8
Long Blades    | 2 3 |  3.1
Dodging        | 3 |  3.9

Action                   |  1- 3 |  4- 6 |  7- 9 | 10-12 || total
-------------------------+-------+-------+-------+-------++-------
Melee: Dagger            |    77 |   324 |   635 |   539 ||  1575
       Scimitar          |       |       |       |    58 ||    58
 Fire: Shortbow          |       |       |     2 |       ||     2
Invok: Shadow Step       |       |       |       |     1 ||     1
 Abil: Evoke Invisibilit |       |       |     2 |     5 ||     7
Evoke: Wand              |       |       |     5 |     2 ||     7
  Use: Potion            |       |       |     1 |     2 ||     3
       Scroll            |       |       |     3 |    19 ||    22
 Stab: Sleeping          |     2 |     9 |    28 |    32 ||    71
       Distracted        |       |       |     3 |     4 ||     7
       Invisible         |       |       |     1 |    18 ||    19
  Eat: Chunk             |     1 |     8 |    16 |    10 ||    35
       Ration            |       |       |     1 |     1 ||     2
Armor: Robe              |    22 |   148 |   136 |   118 ||   424
       Animal skin       |       |     3 |       |       ||     3
       Troll leather arm |       |       |       |    35 ||    35
Dodge: Dodged            |    40 |   249 |   321 |   325 ||   935
Block: Buckler           |       |       |     5 |    79 ||    84
       Rpst.: Scimitar   |       |       |       |    15 ||    15
